 Dungeon Crawl Stone Soup version 0.32-a0-656-g3542139ebd (webtiles) character file.

Game seed: 14410820782488761101

18531 BubbleThief the Frost Mage (level 12, -8/115 HPs)
             Began as a Naga Ice Elementalist on Mar 9, 2024.
             Was the Champion of Cheibriados.
             Mangled by a four-headed hydra (12 damage)
             ... on level 11 of the Dungeon.
             The game lasted 00:27:52 (10685 turns).

BubbleThief the Frost Mage (Naga Ice Elementalist) Turns: 10685, Time: 00:27:53

Health: -8/115     AC: 12    Str: 32    XL:     12   Next: 59%
Magic:  3/23       EV:  9    Int: 30    God:    Cheibriados [******]
Gold:   144        SH:  9    Dex: 40    Spells: 13/26 levels left

rFire   + + +        k - +1 scimitar (flame)
rCold   . . .        o - +0 buckler of Greed {rCorr Str+3 Dex+2}
rNeg    . . .        p - +0 troll leather armour
rPois   +            r - +0 hat {Stlth+}
rElec   .            v - +2 cloak "Nitz" {rF++ Str+4 Int-3}
rCorr   +            (no gloves)
SInv    +            D - +0 barding
Will    +....        (no amulet)
Stlth   +++++        A - ring of Coves {rF+ Dex+2}
HPRegen 1.19/turn    s - +6 ring of dexterity
MPRegen 0.18/turn

%: no passive effects
@: very slow
A: AC +4, large, see invisible, deformed body, poison resistance, slowness 2,
spit poison 1, naga tail 1
a: Spit Poison, Renounce Religion, Bend Time, Temporal Distortion, Slouch, Step
From Time


You were on level 11 of the Dungeon.
You worshipped Cheibriados.
Cheibriados was exalted by your worship.
You visited 1 branch of the dungeon, and saw 11 of its levels.

You collected 475 gold pieces.
You spent 331 gold pieces at shops.

Inventory:

Hand Weapons
 k - a +1 scimitar of flaming (weapon)
Armour
 a - a +0 robe
 o - the +0 buckler of Greed (worn) {rCorr Str+3 Dex+2}
   (You bought it in a shop on level 8 of the Dungeon)

   Str+3:     It affects your strength (+3).
   Dex+2:     It affects your dexterity (+2).
   rCorr:     It protects you from acid and corrosion.
 p - a +0 troll leather armour (worn)
 r - a +0 hat of stealth (worn)
 v - the +2 cloak "Nitz" (worn) {rF++ Str+4 Int-3}
   (You found it on level 6 of the Dungeon)

   Str+4:     It affects your strength (+4).
   Int-3:     It affects your intelligence (-3).
   rF++:      It greatly protects you from fire.
 D - a +0 barding (worn)
Magical Staves
 x - a staff of cold
Jewellery
 g - a +4 ring of protection
 l - a ring of resist corrosion
 s - a +6 ring of dexterity (right hand)
 w - a ring of fire
 y - a ring of flight
 z - a ring of wizardry
 A - the ring of Coves (left hand) {rF+ Dex+2}
   (You found it on level 9 of the Dungeon)

   [ring of protection from fire]

   Dex+2:     It affects your dexterity (+2).
   rF+:       It protects you from fire.
Scrolls
 d - 4 scrolls of identify
 e - 2 scrolls of enchant armour
 i - 2 scrolls of blinking
 m - 2 scrolls of teleportation
 C - a scroll of vulnerability {unknown}
Potions
 b - a potion of magic
 c - 2 potions of attraction
 f - a potion of curing
 h - a potion of invisibility
 j - 2 potions of heal wounds
 n - 2 potions of brilliance {unknown}
 q - a potion of mutation {unknown}
 u - a potion of enlightenment {unknown}
 B - a potion of might {unknown}
Miscellaneous
 t - a phial of floods (inert)


   Skills:
 + Level 9.4 Fighting
 + Level 8.4 Long Blades
 - Level 1.5 Dodging
 - Level 3.0 Stealth
 + Level 7.5 Shields
 - Level 7.6 Spellcasting
 - Level 12.1 Ice Magic


You had 13 spell levels left.
You knew the following spells:

 Your Spells              Type           Power      Damage    Failure   Level
a - Freeze                Ice            100%       1d10      1%          1
b - Frozen Ramparts       Ice            100%       1d16      1%          3
c - Ozocubu's Armour      Ice            71%        N/A       1%          3
d - Hailstorm             Conj/Ice       47%        3d10      1%          3
e - Summon Ice Beast      Ice/Summ       47%        N/A       1%          3

Your spell library contained the following spells:

 Spells                   Type           Power      Damage    Failure   Level
 Foxfire                  Conj/Fire      44%        2x1d6     6%          1
 Necrotise                Necr           44%        1d6       6%          1
 Metabolic Englaciation   Hex/Ice        23%        N/A       13%         5
 Dazzling Flash           Conj/Hex       22%        N/A       17%         3
 Inner Flame              Hex/Fire       11%        N/A       17%         3
 Volatile Blastmotes      Fire/Tloc      22%        2d11      17%         3
 Flame Wave               Conj/Fire      11%        2d6       50%         4
 Leda's Liquefaction      Alch/Erth      5%         N/A       50%         4
 Petrify                  Alch/Erth      11%        N/A       50%         4
 Sticky Flame             Fire/Alch      11%        2d5       50%         4
 Plasma Beam              Fire/Air       5%         2x1d16    100%        6
 Starburst                Conj/Fire      5%         6d4       100%        6
 Maxwell's Capacitive Co  Air            5%         ∞         100%        8
 Polar Vortex             Ice            35%        12d4*     100%        9


Dungeon Overview and Level Annotations

Branches:
Dungeon (11/15)            Temple (0/1) D:6            Lair (0/5) D:8
    Orc (0/2) D:10

Altars:
Cheibriados
Dithmenos
Vehumet
Wu Jian
The Shining One

Shops:
D:2 *   D:6 *   D:8 [:*?

Annotations:
D:7 2 transporters, elongatedgoose's ghost, novice SpBr
D:8 ezpacito's ghost, journeyman CoCK


Innate Abilities, Weirdness & Mutations

Your serpentine skin is tough. (AC +4)
You have supernaturally acute eyesight. (SInv)
Armour fits poorly on your strangely shaped body.
Your system is resistant to poisons. (rPois)
You cover ground very slowly.
You can spit poison.
You have a snake-like lower body.


Message History

The deep elf knight points at you and mumbles some strange words.
The shard of ice misses you.
Unknown command.
Unknown command.
You slash the deep elf knight! You burn the deep elf knight.
You kill the deep elf knight!
Cheibriados appreciates the change of pace.
You hear a splash. x4
The five-headed hydra bites you but does no damage.
The five-headed hydra bites you.
* * * LOW HITPOINT WARNING * * *
The five-headed hydra bites you.
* * * LOW HITPOINT WARNING * * *
The five-headed hydra barely misses you.
The five-headed hydra bites you.
* * * LOW HITPOINT WARNING * * *
Unknown command.
Unknown command.
You feel much better.
You block the five-headed hydra's attack.
The five-headed hydra bites you!
* * * LOW HITPOINT WARNING * * *
The five-headed hydra bites you!
* * * LOW HITPOINT WARNING * * *
The five-headed hydra closely misses you.
You block the five-headed hydra's attack.
Unknown command.
Unknown command.
You chop one of the five-headed hydra's heads off!
The flame cauterises the wound!
You slice the four-headed hydra!! You burn the four-headed hydra!
The four-headed hydra is almost dead.
You block the four-headed hydra's attack.
The four-headed hydra bites you!
* * * LOW HITPOINT WARNING * * *
The four-headed hydra bites you.
* * * LOW HITPOINT WARNING * * *
The four-headed hydra bites you!
You die...
Cheibriados appreciates the motionlessness of death.

#...........#######....###....
##......##..######..### #####
#......###.........##
###..#######........##
#............##....#######
#..#......................
##....##########..########
#.##.#..#$~#..#...#
#.##.#..@D~'..#...##
#########.##.##(####'##....#
#.......))...#.!# #.#..######
#......))###.#..# #.......<(.
#......).# #.##'#######.#........
#........# #.#.)'..'..#.##.......
#........###.#..#..#..'.#######..
#........(...##########..## ##.
#.......###.^.†...........## ##


You could see a four-headed hydra.

Vanquished Creatures
  A sphinx (D:11)
  2 two-headed ogres (D:9)
  Erica (D:8)
  A deep elf knight (D:11)
  3 skeletal warriors (D:11)
  A flayed ghost (D:11)
  A deep elf pyromancer (D:11)
  3 cyclopes (D:11)
  A manticore (D:9)
  A meliai (D:9)
  An unseen horror (D:10)
  2 kobold demonologists
  3 trolls
  2 hornets (D:9)
  A raiju (shapeshifter) (D:9)
  A shadow (D:10)
  3 wraiths (D:11)
  2 vampires (D:9)
  12 yaks
  3 wyverns
  Grum (D:8)
  6 vampire mosquitoes (D:11)
  A water moccasin (D:7)
  3 orc warriors
  3 ice beasts
  An ogre (D:6)
  3 wolves (D:8)
  3 centaurs
  11 kobold brigands
  6 bullfrogs
  3 scorpions
  A gnoll sergeant (D:9)
  9 wights
  7 killer bees
  2 electric eels (D:8)
  8 howler monkeys
  3 bombardier beetles
  6 hounds
  5 orc priests
  2 jellies
  Ijyb (D:3)
  2 orc wizards
  Natasha (thrice) (D:3)
  6 iguanas
  A sleepcap (D:5)
  4 gnolls (D:5)
  11 adders
  3 shadow imps
  A white imp (D:5)
  2 ufetubi (D:7)
  3 ribbon worms
  2 dart slugs
  38 orcs
  4 bats
  4 endoplasms
  5 giant cockroaches
  6 hobgoblins
  8 jackals (D:2)
  39 kobolds
  2 quokkas
  7 ball pythons
  8 frilled lizards
  2 goblins
  A rat (D:1)
292 creatures vanquished.

Vanquished Creatures (others)
  A kobold (D:8)
1 creature vanquished.

Grand Total: 293 creatures vanquished

Notes
Turn   | Place    | Note
-------+----------+-------------------------------------------
     0 | D:1      | BubbleThief the Naga Ice Elementalist began the quest for
                  | the Orb.
     0 | D:1      | Reached XP level 1. HP: 15/15 MP: 3/3
   523 | D:1      | Reached XP level 2. HP: 22/22 MP: 5/5
   780 | D:2      | Found Soguts's Assorted Antiques.
  1082 | D:2      | Reached XP level 3. HP: 7/28 MP: 0/6
  1086 | D:2      | Learned a level 3 spell: Frozen Ramparts
  1817 | D:3      | Reached skill level 5 in Ice Magic
  1953 | D:3      | Reached XP level 4. HP: 35/36 MP: 6/8
  2180 | D:3      | Noticed Ijyb
  2198 | D:3      | Noticed a kobold brigand
  2247 | D:3      | Found a glowing golden altar of the Shining One.
  2380 | D:3      | Reached XP level 5. HP: 42/42 MP: 7/9
  2421 | D:3      | Found a faded altar of an unknown god.
  2442 | D:3      | Noticed Natasha
  2450 | D:3      | Killed Natasha
  2456 | D:3      | Learned a level 3 spell: Ozocubu's Armour
  2525 | D:3      | Noticed Natasha
  2528 | D:3      | Killed Natasha
  2549 | D:3      | Noticed Natasha
  2551 | D:3      | Killed Natasha
  2595 | D:3      | Killed Ijyb
  2596 | D:3      | Reached skill level 6 in Ice Magic
  2728 | D:3      | Found a snail-covered altar of Cheibriados.
  2780 | D:3      | Became a worshipper of Cheibriados the Contemplative
  2963 | D:4      | Reached XP level 6. HP: 49/49 MP: 9/11
  3342 | D:4      | Reached * piety under Cheibriados
  3710 | D:4      | Found a radiant altar of Vehumet.
  3871 | D:5      | Entered Level 5 of the Dungeon
  3880 | D:5      | Reached skill level 7 in Ice Magic
  3880 | D:5      | Reached XP level 7. HP: 55/55 MP: 12/13
  4102 | D:5      | Reached ** piety under Cheibriados
  4588 | D:5      | Reached skill level 8 in Ice Magic
  4848 | D:5      | Reached skill level 5 in Spellcasting
  4848 | D:5      | Reached XP level 8. HP: 26/62 MP: 15/15
  5208 | D:6      | Reached skill level 1 in Fighting
  5208 | D:6      | Reached skill level 1 in Long Blades
  5352 | D:6      | Learned a level 3 spell: Hailstorm
  5356 | D:6      | Learned a level 3 spell: Summon Ice Beast
  5363 | D:6      | Found a staircase to the Ecumenical Temple.
  5387 | D:6      | Identified the +2 cloak "Nitz" {rF++ Str+4 Int-3}
  5484 | D:6      | Found Soracefi's Mayhem Merchandise.
  5540 | D:6      | Reached *** piety under Cheibriados
  5541 | D:6      | Reached skill level 9 in Ice Magic
  6026 | D:6      | Found a shadowy altar of Dithmenos.
  6026 | D:6      | Found an ornate altar of the Wu Jian Council.
  6145 | D:7      | Reached XP level 9. HP: 53/74 MP: 11/17
  6252 | D:7      | Found a transporter.
  6257 | D:7      | Noticed a purple ugly thing
  6257 | D:7      | Noticed elongatedgoose's ghost (novice SpBr)
  6266 | D:7      | Found a transporter.
  6649 | D:8      | Reached skill level 10 in Ice Magic
  6810 | D:8      | Noticed a troll
  6816 | D:8      | Killed a troll
  6817 | D:8      | Reached skill level 1 in Shields
  6818 | D:8      | Reached **** piety under Cheibriados
  6830 | D:8      | HP: 2/80 [electric eel/bolt of electricity (12)]
  6835 | D:8      | HP: 1/80 [kobold/+0 short sword (4)]
  6999 | D:8      | Reached skill level 5 in Fighting
  7010 | D:8      | Found a staircase to the Lair.
  7013 | D:8      | Noticed ezpacito's ghost (journeyman CoCK)
  7023 | D:8      | Noticed Grum
  7141 | D:8      | Killed Grum
  7196 | D:8      | Reached XP level 10. HP: 75/90 MP: 9/19
  7296 | D:8      | Reached ***** piety under Cheibriados
  7358 | D:8      | Noticed Erica
  7369 | D:8      | Killed Erica
  7370 | D:8      | Reached skill level 5 in Long Blades
  7461 | D:8      | Found Wufaxt's Book Shoppe.
  7461 | D:8      | Found Dyijown's Magic Scroll Shoppe.
  7462 | D:8      | Found Yvvaat's Armour Shoppe.
  7464 | D:8      | Found Ukoy's Assorted Antiques.
  7480 | D:8      | Bought the +0 buckler of Greed {rCorr Str+3 Dex+2} for 331
                  | gold pieces
  7626 | D:9      | Noticed a two-headed ogre
  7627 | D:9      | Noticed a meliai
  7630 | D:9      | Noticed a manticore
  7632 | D:9      | Killed a meliai
  7635 | D:9      | Killed a two-headed ogre
  7639 | D:9      | Reached skill level 5 in Shields
  7645 | D:9      | Killed a manticore
  7977 | D:9      | Reached XP level 11. HP: 101/102 MP: 12/20
  8447 | D:9      | Identified the ring of Coves {rF+ Dex+2}
  8451 | D:9      | Got the Verses on the Caliginous Chill
  8672 | D:9      | Noticed a two-headed ogre
  8681 | D:9      | Killed a two-headed ogre
  8985 | D:10     | Entered Level 10 of the Dungeon
  9125 | D:10     | Found a staircase to the Orcish Mines.
  9920 | D:11     | Reached skill level 11 in Ice Magic
 10008 | D:11     | Noticed a cyclops
 10014 | D:11     | Killed a cyclops
 10097 | D:11     | Noticed a cyclops
 10105 | D:11     | Killed a cyclops
 10193 | D:11     | Noticed a skeletal warrior
 10201 | D:11     | Killed a skeletal warrior
 10235 | D:11     | Noticed a skeletal warrior
 10245 | D:11     | Killed a skeletal warrior
 10246 | D:11     | Reached XP level 12. HP: 106/112 MP: 17/23
 10262 | D:11     | Reached skill level 12 in Ice Magic
 10322 | D:11     | Reached ****** piety under Cheibriados
 10634 | D:11     | Found a runed translucent door.
 10654 | D:11     | Noticed a sphinx
 10666 | D:11     | Paralysed by a sphinx for 5 turns
 10673 | D:11     | Killed a sphinx
 10673 | D:11     | Identified the ring of Waistoi {rElec rPois rC+ Str+3}
 10673 | D:11     | Noticed a deep elf knight
 10678 | D:11     | Noticed a seven-headed hydra
 10683 | D:11     | Killed a deep elf knight
 10683 | D:11     | HP: 1/114 [five-headed hydra (6)]
 10685 | D:11     | Mangled by a four-headed hydra

Illustrated notes

Levels and vault maps discovered:
D:1:      erik_arrival_orb_chamber, layout_basic, nicolae_hexahallways
D:2:      layout_basic, serial_shops, nicolae_shop_crystal, serial_bayou,
          serial_bayou_pond_b, serial_bayou_shore_b, serial_bayou_lagoon_b,
          serial_bayou_lagoon_a, minmay_misc_feat_alley, glass_columns_a,
          mrwooster_statue_mirror
D:3:      layout_basic, mainiacjoe_overflow_concentric_impassable,
          tso_oasis_becter, dilly_ecumenical_altar_fadedgnrine,
          lightli_corner_chamber, uniq_natasha, uniq_ijyb
D:4:      layout_basic, mainiacjoe_overflow_alcove_4, minmay_lizard_king
D:5:      layout_basic
D:6:      layout_loops_ring, gammafunk_temple_overflow_pools,
          minmay_temple_entry_stoned_glass, minmay_shop_mayhem
D:7:      layout_basic, gammafunk_ghost_arena
D:8:      layout_basic, zin_scriptorium, erik_lair_island, serial_corexii_hall,
          corexii_hall_statues_x, corexii_hall_statues_l,
          chequers_hall_statues_y, corexii_hall_statues_u,
          hellmonk_ghost_big_iron, enter_bailey_2, nrook_campfire,
          minmay_shop_grid_forest, uniq_grum, uniq_erica
D:9:      minmay_the_grid_plus [minmay_the_grid_x,
          minmay_the_grid_zigzag_pyramid, minmay_the_grid_embedded,
          minmay_the_grid_aliased_spiral, minmay_the_grid_prize_trominoes],
          layout_irregular_city, grunt_ministairs_14
D:10:     layout_basic, david_orc_2
D:11:     layout_rooms, minivault_13

Skill      XL: |  1  2  3  4  5  6  7  8  9 10 11 12 |
---------------+-------------------------------------+-----
Ice Magic      | 5 6 7 8 9 10 11 12 | 12.1
Spellcasting   | 3 4 5 6 7 |  7.6
Fighting       | 2 5 7 8 9 |  9.4
Long Blades    | 1 4 6 7 8 |  8.4
Shields        | 3 5 6 7 |  7.5
Dodging        | |  1.5
Stealth        | |  3.0

Action                     |  1- 3 |  4- 6 |  7- 9 | 10-12 || total
---------------------------+-------+-------+-------+-------++-------
  Melee: Unarmed           |     1 |       |       |       ||     1
         Rapier            |     1 |     7 |    44 |       ||    52
         Dagger            |       |    10 |       |       ||    10
         Great sword       |       |       |    34 |       ||    34
         Scimitar          |       |       |    29 |   193 ||   222
   Cast: Freeze            |    40 |    49 |    14 |     1 ||   104
         Frozen Ramparts   |       |     7 |    34 |    48 ||    89
         Ozocubu's Armour  |       |     6 |    20 |    30 ||    56
         Hailstorm         |       |       |     4 |     5 ||     9
         Summon Ice Beast  |       |       |     1 |     4 ||     5
 Invoke: Bend Time         |       |       |       |     2 ||     2
Ability: Spit Poison       |    28 |    34 |    11 |       ||    73
  Evoke: Wand              |       |       |     8 |       ||     8
         Phial of floods   |       |       |       |     1 ||     1
    Use: Scroll            |       |       |    13 |       ||    13
         Potion            |       |       |     1 |     1 ||     2
   Stab: Sleeping          |       |       |     1 |       ||     1
 Armour: Robe              |    38 |    52 |   169 |    39 ||   298
         Troll leather arm |       |       |       |   169 ||   169
  Dodge: Dodged            |    27 |    17 |    96 |    89 ||   229
  Block: Kite shield       |       |       |    30 |    10 ||    40
         Buckler           |       |       |       |   100 ||   100

Table legend: (Time is in decaauts)
 A = Elapsed time spent in this place.
 B = Non-inter-level travel time spent in this place.
 C = Inter-level travel time spent in this place.
 D = Time resting spent in this place.
 E = Time spent auto-exploring this place.
 F = Levels seen in this place.
 G = Mean time per level.
                   A        B        C        D        E       F      G
               +--------+--------+--------+--------+--------+-----+--------+
         Total |  16941 |  16510 |    431 |    286 |  13576 |  11 | 1540.1 |
       Dungeon |  16941 |  16510 |    431 |    286 |  13576 |  11 | 1540.1 |
               +--------+--------+--------+--------+--------+-----+--------+

Top non-repeatable levels by time:
     D:9: 2367 daAuts
    D:10: 2115 daAuts
     D:5: 1925 daAuts
     D:6: 1691 daAuts
     D:8: 1519 daAuts
     D:3: 1489 daAuts
     D:2: 1394 daAuts
     D:4: 1367 daAuts
    D:11: 1266 daAuts
     D:1: 930 daAuts
     D:7: 874 daAuts
